 Dungeon Crawl Stone Soup version 0.31-a0-344-gd109795599 (webtiles) character file.

Game seed: 3664462906144077531

4015 LeprechaunX the Grappler (level 10, -1/84 HPs)
             Began as an Octopode Shapeshifter on July 22, 2023.
             Was a Believer of Hepliaklqana.
             Slain by an ufetubus (3 damage)
             ... summoned by a ynoxinul
             ... on level 9 of the Dungeon.
             The game lasted 00:09:51 (7090 turns).

LeprechaunX the Grappler (Octopode Shapeshifter)    Turns: 7090, Time: 00:09:52

Health: -1/84      AC: 25    Str: 24    XL:     10   Next: 23%
Magic:  12/12      EV:  2    Int: 12    God:    Hepliaklqana [**....]
Gold:   353        SH:  0    Dex: 12    Spells: 9/9 levels left

rFire   . .          .
                       - Unarmed
rCold   . . .        (no shield)
rNeg    . . .        (helmet currently unavailable)
rPois   +            (no amulet)
rElec   .            p - +6 ring of strength
rCorr   .            D - ring of see invisible
SInv    +            (no ring)
Will    .....        (no ring)
Stlth   +            (no ring)
HPRegen 0.34/turn    (no ring)
MPRegen 0.13/turn    (no ring)
                     (no ring)

%: no passive effects
@: tree-form
A: stationary, stasis, torment immunity, boosted hp, reduced essence, almost no
armour, (amphibious), 8 rings, (camouflage 1), (gelatinous body 1), (nimble
swimmer 1), (tentacles), low MP 1
a: Renounce Religion, Ancestor Life: Knight, Ancestor Life: Battlemage, Ancestor
Life: Hexer, Recall Ancestor, Ancestor Identity


You were on level 9 of the Dungeon.
You worshipped Hepliaklqana.
Hepliaklqana was pleased with you.
You were a tree.
You visited 2 branches of the dungeon, and saw 10 of its levels.

You collected 353 gold pieces.

Inventory:

Missiles
 i - 2 curare-tipped darts
 y - 8 boomerangs (quivered)
 H - a throwing net
Jewellery
 p - a +6 ring of strength (left branch)
 D - a ring of see invisible (right branch)
 E - a ring of protection from cold
Talismans
 b - a beast talisman
 t - a serpent talisman
Wands
 s - a wand of charming (12)
 A - a wand of acid (7)
 C - a wand of flame (12)
 G - a wand of iceblast (4)
Scrolls
 c - a scroll of torment {unknown}
 d - 2 scrolls of fog {unknown}
 h - 3 scrolls of identify {unknown}
 j - a scroll of noise {unknown}
 k - a scroll of enchant armour {unknown}
 l - 2 scrolls of teleportation {unknown}
 n - 2 scrolls of enchant weapon {unknown}
 q - 2 scrolls of vulnerability {unknown}
 u - 2 scrolls of poison {unknown}
 v - a scroll of blinking {unknown}
 w - 3 scrolls of amnesia {unknown}
 z - a scroll of immolation {unknown}
 B - a scroll of silence {unknown}
Potions
 a - a potion of resistance {unknown}
 e - a potion of mutation {unknown}
 f - 2 potions of cancellation {unknown}
 g - a potion of might {unknown}
 m - a potion of attraction {unknown}
 o - a potion of curing {unknown}
 r - a potion of brilliance {unknown}
 F - a potion of enlightenment {unknown}


   Skills:
 - Level 4.0 Fighting
 - Level 4.0 Dodging
 * Level 10.9 Unarmed Combat
 + Level 4.5 Invocations
 + Level 6.9 Shapeshifting


You had 9 spell levels left.
You didn't know any spells.
Your spell library contained the following spells:

 Spells                   Type           Power      Damage    Failure   Level
 Magic Dart               Conj           0%         1d3       32%         1
 Blink                    Tloc           0%         N/A       45%         2
 Call Imp                 Summ           0%         N/A       45%         2
 Lesser Beckoning         Tloc           0%         N/A       45%         2
 Momentum Strike          Conj/Tloc      0%         3d8       45%         2
 Static Discharge         Conj/Air       0%         2-2/arc   45%         2
 Ignite Poison            Fire/Tmut/Pois 0%         N/A       69%         3
 Mephitic Cloud           Conj/Pois/Air  0%         N/A       69%         3
 Portal Projectile        Hex/Tloc       0%         N/A       69%         3
 Tukima's Dance           Hex            0%         N/A       69%         3
 Airstrike                Air            0%         2d(0-16)  97%         4
 Iskenderun's Mystic Bla  Conj/Tloc      0%         2d3       97%         4
 Olgreb's Toxic Radiance  Pois           0%         N/A       97%         4
 Sticky Flame             Conj/Fire      0%         2d3       97%         4
 Summon Lightning Spire   Summ/Air       0%         N/A       97%         4
 Alistair's Intoxication  Tmut/Pois      0%         N/A       100%        5
 Eringya's Noxious Bog    Tmut/Pois      0%         4d6       100%        6
 Ignition                 Fire           0%         3d3       100%        8


Dungeon Overview and Level Annotations

Branches:
Dungeon (9/15)             Temple (1/1) D:7
   Lair: D:8-11         Orc: D:9-12

Altars:
Ashenzari
Cheibriados
Dithmenos
Elyvilon
Fedhas
Gozag
Hepliaklqana
Kikubaaqudgha
Makhleb
Nemelex Xobeh
Okawaru
Qazlal
Ru
Sif Muna
Trog
Uskayaw
Vehumet
Wu Jian
Xom
Yredelemnul
Zin
The Shining One

Shops:
D:1 (   D:5 !

Annotations:
D:4 1 runed translucent door, Crazy Yiuf
D:8 1 transporter


Innate Abilities, Weirdness & Mutations

You are a tree.
Your roots penetrate the ground, keeping you stationary.
You cannot be teleported.
You are immune to unholy pain and torment.
Your maximum health is greatly increased.
Your life essence is reduced to manifest your ancestor. (-10% HP)
You cannot wear most types of armour.
((You are amphibious.))
You can wear up to eight rings at the same time.
((Your skin changes colour to match your surroundings (Stealth+).))
((Your rubbery body absorbs attacks. (AC +1, EV +1)))
((You are camouflaged when in or above water. (Stealth+)))
((You have tentacles for arms and can constrict up to eight enemies at once.))
Your magical capacity is low. (-10% MP)


Message History

The quasit gives a chilling moan.
The neqoxec gestures at you.
Strange energies course through your body.
You feel less energetic. The neqoxec gestures at you.
Something tries to feed on your intellect!
The ynoxinul gestures.
The neqoxec gestures at you.
Something tries to feed on your intellect!
You barely miss the quasit. You grab the quasit. You constrict the quasit.
The quasit bites you.
* * * LOW HITPOINT WARNING * * *
The quasit claws you.
* * * LOW HITPOINT WARNING * * *
The quasit barely misses you.
You bludgeon the quasit!
The quasit is almost dead.
You constrict the quasit.
You kill the quasit!
The ufetubus misses you. The ufetubus hits you.
* * * LOW HITPOINT WARNING * * *
The ufetubus attacks as you move away! The ufetubus misses you.
The ufetubus hits you.
* * * LOW HITPOINT WARNING * * *
The ynoxinul gestures.
The ufetubus closely misses you. The ufetubus misses you.
The ufetubus closely misses you. The ufetubus barely misses you.
The ufetubus attacks as you move away! The ufetubus barely misses you.
The ufetubus hits you.
* * * LOW HITPOINT WARNING * * *
The ynoxinul gestures.
The ufetubus closely misses you. The ufetubus hits you.
* * * LOW HITPOINT WARNING * * *
The ufetubus closely misses you.
The ufetubus hits you but does no damage.
Your transformation has ended.
You turn into a tree.
Your roots penetrate the ground.
The ufetubus hits you but does no damage.
The ufetubus barely misses you. The ufetubus hits you.
You die...

#...# #####...##
........# .......#
......# .....# #....#
##♣...#
#555..###########
#.....##........#
##....##........#
#...5##........#
#....3.(.......#
#....35......§.##.
.............$.§§.P.
...............<§§.~.


You could see a neqoxec, a ynoxinul and 5 ufetubi.

Vanquished Creatures
  A two-headed ogre (D:6)
  Grinder (D:3)
  Sigmund (D:3)
  A wyvern (D:7)
  4 steam dragons
  An ice beast (D:8)
  2 sky beasts (D:7)
  2 ogres
  A phantom (D:6)
  A centaur (D:5)
  Blork the orc (D:4)
  2 bullfrogs
  4 scorpions
  A quasit (D:9)
  2 jellies
  2 orc priests
  2 gnoll boudas
  3 hounds
  An iguana (D:6)
  2 sleepcaps (D:5)
  Ijyb (D:5)
  Natasha (twice) (D:4)
  5 orc wizards
  Robin (D:4)
  14 adders
  15 gnolls
  3 ufetubi
  A worm (D:2)
  A dart slug (D:3)
  15 orcs
  5 ball pythons
  9 bats
  6 endoplasms
  3 giant cockroaches
  18 goblins
  15 hobgoblins
  4 jackals (D:2)
  5 quokkas
  5 frilled lizards
  10 kobolds
  5 rats
178 creatures vanquished.

Vanquished Creatures (collateral kills)
  Maggie (D:7)
  A sky beast (D:7)
  An iguana (D:7)
  A gnoll (D:7)
4 creatures vanquished.

Vanquished Creatures (others)
  An ancestor (D:8)
1 creature vanquished.

Grand Total: 183 creatures vanquished

Notes
Turn   | Place    | Note
-------+----------+-------------------------------------------
     0 | D:1      | LeprechaunX the Octopode Shapeshifter began the quest for
                  | the Orb.
     0 | D:1      | Reached XP level 1. HP: 13/13 MP: 1/1
   172 | D:1      | Reached XP level 2. HP: 13/18 MP: 2/2
   426 | D:1      | Reached XP level 3. HP: 18/23 MP: 3/3
   682 | D:1      | Found Ubeeff's Antique Weapon Emporium.
  1082 | D:2      | Reached XP level 4. HP: 29/29 MP: 4/4
  1546 | D:2      | Reached skill level 4 in Unarmed Combat
  1641 | D:2      | Found a faded altar of an unknown god.
  1934 | D:3      | Noticed Sigmund
  1936 | D:3      | Noticed Grinder
  1960 | D:3      | Killed Sigmund
  1961 | D:3      | Reached XP level 5. HP: 18/35 MP: 5/5
  1961 | D:3      | Reached XP level 6. HP: 22/41 MP: 6/6
  1987 | D:3      | Paralysed by Grinder for 2 turns
  1991 | D:3      | Killed Grinder
  1992 | D:3      | Reached skill level 5 in Unarmed Combat
  1992 | D:3      | Reached XP level 7. HP: 36/46 MP: 7/7
  2135 | D:3      | Found a blossoming altar of Fedhas.
  2402 | D:3      | Found a white marble altar of Elyvilon.
  2900 | D:4      | Noticed Robin
  2928 | D:4      | Killed Robin
  3048 | D:4      | Noticed Natasha
  3051 | D:4      | Noticed Blork the orc
  3056 | D:4      | Killed Natasha
  3060 | D:4      | Killed Blork the orc
  3061 | D:4      | Reached skill level 6 in Unarmed Combat
  3377 | D:4      | Reached XP level 8. HP: 54/54 MP: 8/8
  3393 | D:4      | Found a hide-covered altar of Uskayaw.
  3634 | D:4      | Noticed Natasha
  3639 | D:4      | Killed Natasha
  3874 | D:4      | Found a runed translucent door.
  3875 | D:4      | Noticed Crazy Yiuf
  4071 | D:5      | Entered Level 5 of the Dungeon
  4203 | D:5      | Reached skill level 7 in Unarmed Combat
  4467 | D:5      | You fall into a shaft and drop 2 floors!
  4484 | D:7      | Reached skill level 5 in Shapeshifting
  4550 | D:7      | Found a staircase to the Ecumenical Temple.
  4556 | D:7      | Noticed a wyvern
  4560 | Temple   | Entered the Ecumenical Temple
  4667 | D:6      | Found a hazy altar of Hepliaklqana.
  4667 | D:6      | Noticed a two-headed ogre
  4684 | D:6      | Killed a two-headed ogre
  4685 | D:6      | Reached skill level 8 in Unarmed Combat
  4685 | D:6      | Reached XP level 9. HP: 48/58 MP: 9/9
  4708 | D:6      | Reached skill level 9 in Unarmed Combat
  4720 | D:6      | Became a worshipper of Hepliaklqana the Forgotten
  4916 | D:6      | Reached skill level 1 in Invocations
  4987 | D:6      | Found an iron altar of Okawaru.
  5244 | D:6      | Found a burning altar of Makhleb.
  5406 | D:6      | Got the Lessons on Intoxication
  5610 | D:5      | Noticed Ijyb
  5611 | D:5      | Killed Ijyb
  5878 | D:5      | Found a glowing silver altar of Zin.
  5898 | D:5      | Found a stormy altar of Qazlal.
  6039 | D:5      | Found Nutiem's Distillery.
  6088 | D:7      | Reached skill level 10 in Unarmed Combat
  6121 | D:7      | Reached * piety under Hepliaklqana
  6166 | D:7      | Noticed Maggie
  6176 | D:7      | Killed Maggie
  6384 | D:7      | Reached XP level 10. HP: 56/56 MP: 12/12
  6401 | D:7      | Identified the +5 spear "Paubbatu" {flame, rCorr}
  6864 | D:8      | Found a transporter.
  6864 | D:8      | Found a transporter.
  7030 | D:8      | Reached ** piety under Hepliaklqana
  7054 | D:8      | Noticed a gargoyle
  7079 | D:9      | Gained mutation: Your magical capacity is low. (-10% MP) [a
                  | neqoxec]
  7089 | D:9      | HP: 1/56 [ufetubus[a ynoxinul] (3)]
  7090 | D:9      | Slain by an ufetubus

Illustrated notes

Levels and vault maps discovered:
D:1:      saegor_arrival_simple_c, layout_loops_ring, serial_shops,
          nicolae_lakefront_shop
D:2:      layout_loops_ring, hellmonk_ecumenical_altar_pennies_from_heaven,
          kennysheep_generic_room_7
D:3:      layout_basic, mainiacjoe_overflow_surrounded_room, lemuel_tele_altar,
          uniq_grinder, uniq_sigmund
D:4:      layout_basic, eat_drink_and_be_merry_uskayaw, kennysheep_path_1,
          uniq_blork_the_orc, uniq_robin, uniq_natasha, uniq_crazy_yiuf_cottage
D:5:      layout_basic, mainiacjoe_overflow_two_lobes, serial_shops,
          nicolae_shop_back_alley_shop, chequers_serial_rivers_marsh, uniq_ijyb
D:6:      layout_loops_ring, nicolae_overflow_crystal_walls,
          mainiacjoe_overflow_small_starburst, mainiacjoe_overflow_tiny_flanked
D:7:      layout_basic, minmay_temple_entry_glass, serial_corexii_hall,
          chequers_hall_statues_y, corexii_hall_statues_deadend, uniq_maggie
D:8:      cheibrodos_statue_roulette, layout_cave_pools, serial_gnoll_camp,
          gnoll_camp_mini_basic, gnoll_camp_huts_basic, gnoll_camp_mini_basic,
          gnoll_camp_mini_hut, nicolae_diode_stairs
D:9:      layout_stronghold, serial_demonic, serial_demonic_g, serial_demonic_d,
          serial_demonic_e, serial_demonic_f, serial_demonic_c,
          serial_demonic_c, serial_demonic_e, serial_demonic_b
Temple:   eino_narrow_crystal_temple

Skill      XL: |  1  2  3  4  5  6  7  8  9 10 |
---------------+-------------------------------+-----
Fighting       | 2 3 4 |  4.0
Unarmed Combat | 4 5 6 8 10 | 10.9
Dodging        | 3 4 |  4.0
Shapeshifting  | 4 5 6 |  6.9
Invocations    | 3 4 |  4.5

Action                     |  1- 3 |  4- 6 |  7- 9 | 10-12 || total
---------------------------+-------+-------+-------+-------++-------
  Melee: Unarmed           |    81 |    52 |   193 |    33 ||   359
         Constrict         |    16 |     6 |    51 |     9 ||    82
         Tentacles         |    13 |     2 |    44 |     6 ||    65
         Punch             |     2 |     2 |    13 |     2 ||    19
  Throw: Dart              |       |     5 |     9 |       ||    14
         Boomerang         |       |       |     9 |     9 ||    18
  Evoke: Wand              |       |       |     3 |       ||     3
    Use: Potion            |       |     1 |       |     1 ||     2
   Stab: Sleeping          |     7 |     2 |     6 |     1 ||    16
 Armour: Skin              |     5 |    18 |     5 |     2 ||    30
  Dodge: Dodged            |    40 |    28 |   113 |    24 ||   205

Table legend: (Time is in decaauts)
 A = Elapsed time spent in this place.
 B = Non-inter-level travel time spent in this place.
 C = Inter-level travel time spent in this place.
 D = Time resting spent in this place.
 E = Time spent auto-exploring this place.
 F = Levels seen in this place.
 G = Mean time per level.
                   A        B        C        D        E       F      G
               +--------+--------+--------+--------+--------+-----+--------+
         Total |   7052 |   6878 |    174 |    386 |   5404 |  10 |  705.2 |
       Dungeon |   7040 |   6866 |    174 |    386 |   5404 |   9 |  782.2 |
        Temple |     11 |     11 |      0 |      0 |      0 |   1 |   11.0 |
               +--------+--------+--------+--------+--------+-----+--------+

Top non-repeatable levels by time:
     D:4: 1412 daAuts
     D:6: 1028 daAuts
     D:2: 903 daAuts
     D:7: 890 daAuts
     D:1: 877 daAuts
     D:3: 857 daAuts
     D:5: 846 daAuts
     D:8: 210 daAuts
     D:9: 14 daAuts
  Temple: 11 daAuts
